 Dungeon Crawl Stone Soup version 0.23.0-3-gf3c87f2 (webtiles) character file.

Game seed: 7508642916434358163

212 Hasart the Skirmisher (level 5, -8/47 HPs)
             Began as a Minotaur Fighter on Feb 23, 2019.
             Killed from afar by an orc wizard (11 damage)
             ... with a puff of flame
             ... on level 3 of the Dungeon.
             The game lasted 00:05:16 (2486 turns).

Hasart the Skirmisher (Minotaur Fighter)            Turns: 2486, Time: 00:05:17

Health: -8/47      AC:  7    Str: 20    XL:     5   Next: 58%
Magic:  4/4        EV:  8    Int:  5    God:
Gold:   112        SH:  9    Dex: 11    Spells: 4/4 levels left

rFire    . . .     SeeInvis .   a - +0 long sword
rCold    . . .     Gourm    .   c - +0 shield
rNeg     . . .     Faith    .   b - +0 scale mail
rPois    .         Spirit   .   (helmet restricted)
rElec    .         Reflect  .   (no cloak)
rCorr    .         Harm     .   (no gloves)
MR       .....                  (no boots)
Stlth    +.........             m - amulet of the acrobat
HPRegen  0.15/turn              o - ring of stealth
MPRegen  0.09/turn              (no ring)

@: slowed, very slow
A: retaliatory headbutt, horns 2
a: no special abilities


You were on level 3 of the Dungeon.
You were not hungry.

You visited 1 branch of the dungeon, and saw 3 of its levels.

You collected 112 gold pieces.

Inventory:

Hand Weapons
 a - a +0 long sword (weapon)
Armour
 b - a +0 scale mail (worn)
 c - a +0 shield (worn)
Jewellery
 m - an amulet of the acrobat (around neck)
 o - a ring of stealth (left hand)
Scrolls
 h - 2 scrolls of teleportation {unknown}
 i - 2 scrolls of identify {unknown}
 j - a scroll of fog {unknown}
 l - a scroll of fear {unknown}
 p - a scroll of remove curse {unknown}
 q - 4 scrolls of noise {unknown}
 s - 2 scrolls of magic mapping {unknown}
 t - 3 scrolls of amnesia {unknown}
Potions
 d - a potion of might
 e - 2 potions of haste {unknown}
 g - a potion of curing {unknown}
 k - 2 potions of degeneration {unknown}
 n - 2 potions of heal wounds {unknown}
 r - a potion of lignification {unknown}
 u - a potion of brilliance {unknown}
 v - a potion of magic {unknown}
Comestibles
 f - 6 rations
 w - a chunk of flesh


   Skills:
 + Level 4.6 Fighting
 * Level 4.6 Long Blades
 + Level 4.5 Armour
 + Level 2.0 Dodging
 + Level 4.4 Shields


You had 4 spell levels left.
You didn't know any spells.
Your spell library was empty.

Dungeon Overview and Level Annotations

Branches:
Dungeon (3/15)

Altars:


Innate Abilities, Weirdness & Mutations

You reflexively headbutt those who attack you in melee.
You have a pair of horns on your head.


Message History

The orc wizard points at you and mumbles some strange words.
The magic dart hits you.
* * * LOW HITPOINT WARNING * * *
You block something's attack.
You closely miss something.
The orc wizard gestures wildly while chanting.
The orc wizard blinks!
Something hits you.
* * * LOW HITPOINT WARNING * * *
The orc wizard casts a spell at you.
You feel yourself slow down.
You hear some strange, mumbled words.
A magic dart appears from out of thin air!
The magic dart hits you.
* * * LOW HITPOINT WARNING * * *
Unknown command.
You miss something. Something hits you but does no damage.
You hear some strange, mumbled words.
A puff of flame appears from out of thin air!
The puff of flame hits you!
You die...

###...#####......
########.....###..[8
#..........#...###..
#..........###...###
#..........#####...#
###..ยง......# ###..
#......o..# #..
########)........# #..
#......{@........#######+
#.......#####............
#......)# #............
#.......# #............
#.......# #............
#.......# #............
#.......# #..........).
#.#+##### #............
.. #............


You could see an orc wizard.

Vanquished Creatures
  An ogre (D:3)
  6 adders
  An ooze (D:1)
  2 worms (D:2)
  4 leopard geckos
  3 orcs (D:3)
  2 giant cockroaches
  10 goblins
  5 hobgoblins
  4 jackals
  A bat (D:2)
  6 frilled lizards
  7 kobolds
  8 rats
60 creatures vanquished.

Notes
Turn   | Place    | Note
-------+----------+-------------------------------------------
     0 | D:1      | Hasart the Minotaur Fighter began the quest for the Orb.
     0 | D:1      | Reached XP level 1. HP: 19/19 MP: 0/0
   406 | D:1      | Reached XP level 2. HP: 22/27 MP: 1/1
   946 | D:2      | Reached XP level 3. HP: 22/33 MP: 2/2
  1003 | D:2      | Reached skill level 1 in Dodging
  1313 | D:2      | Reached XP level 4. HP: 40/40 MP: 3/3
  1838 | D:3      | Noticed an ogre
  1845 | D:3      | Killed an ogre
  1845 | D:3      | Reached XP level 5. HP: 8/47 MP: 4/4
  2486 | D:3      | Killed from afar by an orc wizard

Skill      XL: |  1  2  3  4  5 |
---------------+----------------+-----
Long Blades    | 3 4 |  4.6
Fighting       | 4 |  4.6
Dodging        | 1 2 |  2.0
Armour         | 4 |  4.5
Shields        | 4 |  4.4

Action                   |  1- 3 |  4- 6 || total
-------------------------+-------+-------++-------
Melee: Long sword        |    80 |    82 ||   162
       Headbutt          |     9 |    13 ||    22
  Eat: Chunk             |     1 |     4 ||     5
Armor: Scale mail        |    26 |    34 ||    60
Dodge: Dodged            |    41 |    32 ||    73
Block: Shield            |    43 |    66 ||   109
       Rpst.: Long sword |    10 |    10 ||    20
